 Dungeon Crawl Stone Soup version 0.22-a0-271-gc000056 (webtiles) character file.

249 tidbits the Insei (level 6, 41/47 HPs)
             Began as a Gnoll Transmuter on Mar 11, 2018.
             Quit the game on level 5 of the Dungeon.
             The game lasted 00:06:45 (893 turns).

tidbits the Insei (Gnoll Transmuter)                 Turns: 893, Time: 00:06:46

Health: 41/47      AC:  3    Str: 12    XL:     6   Next: 12%
Magic:  11/13      EV: 15    Int: 18    God:
Gold:   80         SH:  0    Dex: 15    Spells: 9/15 levels left

rFire    . . .     SeeInvis .   g - +5 dagger (venom)
rCold    . . .     Gourm    .   (no shield)
rNeg     . . .     Faith    .   B - +1 robe
rPois    .         Spirit   .   (no helmet)
rElec    .         Reflect  .   (no cloak)
rCorr    .         Harm     .   (no gloves)
MR       .....                  (no boots)
Stlth    ++........             (no amulet)
HPRegen  0.15/turn              (no ring)
MPRegen  0.13/turn              (no ring)

@: no status effects
A: distributed training, fangs 1, strong nose
a: no special abilities


You were on level 5 of the Dungeon.
You were hungry.

You visited 1 branch of the dungeon, and saw 5 of its levels.

You collected 80 gold pieces.

Inventory:

Hand Weapons
 g - a +5 dagger of venom (weapon)
   (You took it off an orc wizard on level 4 of the Dungeon)
 j - a +3 shortbow
Missiles
 a - 21 arrows
 c - 2 tomahawks (quivered)
 e - 26 sling bullets
Armour
 B - a +1 robe (worn)
Scrolls
 f - 2 scrolls of teleportation
Potions
 b - a potion of curing
Comestibles
 d - 6 rations


   Skills:
 + Level 3.1 Fighting
 + Level 1.8 Short Blades
 + Level 1.8 Long Blades
 + Level 1.8 Axes
 + Level 1.8 Maces & Flails
 + Level 1.8 Polearms
 + Level 1.8 Staves
 + Level 1.8 Slings
 + Level 1.8 Bows
 + Level 1.8 Crossbows
 + Level 1.8 Throwing
 + Level 1.8 Armour
 + Level 4.9 Dodging
 + Level 1.8 Stealth
 + Level 1.8 Shields
 + Level 6.8 Unarmed Combat
 + Level 5.3 Spellcasting
 + Level 1.4 Conjurations
 + Level 1.4 Hexes
 + Level 1.4 Charms
 + Level 1.4 Summonings
 + Level 1.4 Necromancy
 + Level 1.4 Translocations
 + Level 4.0 Transmutations
 + Level 1.4 Fire Magic
 + Level 1.4 Ice Magic
 + Level 1.4 Air Magic
 + Level 1.4 Earth Magic
 + Level 1.4 Poison Magic
 + Level 2.0 Invocations
 + Level 1.8 Evocations


You had 9 spell levels left.
You knew the following spells:

 Your Spells              Type           Power        Failure   Level  Hunger
e - Beastly Appendage     Tmut           ###...       2%          1    None
k - Sticks to Snakes      Tmut           ###.....     3%          2    #......
p - Spider Form           Tmut/Pois      ##........   12%         3    ##.....


Dungeon Overview and Level Annotations

Branches:
Dungeon (5/15)
 Temple: D:4-7

Altars:
Dithmenos

Annotations:
D:5 braks's ghost, novice HaFi


Innate Abilities, Weirdness & Mutations

Your experience applies equally to all skills.
You have very sharp teeth.
Your uncanny sense of smell can sniff out nearby items.


Message History

You closely miss the phantom.
The phantom is lightly damaged.
Your ball python barely misses the phantom.
The phantom completely misses you.
You hit the phantom.
The phantom is lightly damaged.
Your ball python bites the phantom.
You miss the phantom.
The phantom is moderately damaged.
The phantom misses you.
Your ball python closely misses the phantom.
You hit the phantom but do no damage.
The phantom is moderately damaged.
The phantom misses you.
Your ball python barely misses the phantom.
You bite the phantom!
The phantom is heavily damaged.
Your ball python completely misses the phantom.
The phantom closely misses you.
You bite the phantom!
The phantom is severely damaged.
Your ball python misses the phantom.
The phantom hits you.
* * * LOW HITPOINT WARNING * * *
The phantom blinks!
It was a potion of heal wounds.
You feel much better.
Your transformation is almost over.
Your ball python bites the phantom but does no damage.
Your ball python bites the phantom but does no damage.
The phantom hits you.
You closely miss the phantom.
The phantom is severely damaged.
Your ball python barely misses the phantom.
The phantom closely misses you.
You hit the phantom.
The phantom is severely damaged.
Your ball python misses the phantom.
The phantom blinks!
The phantom blinks!
You closely miss the phantom.
The phantom is severely damaged.
The phantom blinks!
The phantom blinks!
Your transformation has ended.
Your +5 dagger of venom unmelds from your body.
Your +1 robe unmelds from your body.
Your +5 dagger of venom begins to drip with poison!
You see here a scroll labeled BEIMAO KIEM.
As you read the scroll labeled BEIMAO KIEM, it crumbles to dust.
You feel as if something is helping you.
It was a scroll of remove curse.
Drop what? 10/52 slots (_ for help) (? for menu, Esc to quit)
You remove your amulet of inaccuracy.
Your ball python withers and dies!
You drop an uncursed amulet of inaccuracy.
The phantom blinks!
Casting: Sticks to Snakes (safe; 3% risk of failure)
Confirm with . or Enter, or press ? or * to list all spells.
You turn into a venomous arachnid creature.
Your +5 dagger of venom melds into your body.
Your +1 robe melds into your body.
Your +5 dagger of venom stops dripping with poison.
Unknown command.
The phantom blinks!
You hit the phantom.
The phantom is almost destroyed.
The phantom closely misses you.
You hit the phantom.
The phantom is almost destroyed.
Your transformation is almost over.
The phantom barely misses you.
You hit the phantom.
The phantom is almost destroyed.
The phantom blinks!
A ball python comes into view.
The ball python hisses angrily.
You bite the ball python!
You kill the ball python!
You see here a ball python corpse.
Found 9 gold pieces.
Your transformation has ended.
Your +5 dagger of venom unmelds from your body.
Your +1 robe unmelds from your body.
Your +5 dagger of venom begins to drip with poison!
A worker ant comes into view.
The worker ant moves out of view.
The phantom blinks!
The phantom blinks!
You see here 9 gold pieces.
You now have 80 gold pieces (gained 9).
You hear a distant blaring wail to the south.
An orc comes into view. It is wielding a flail.
The phantom blinks!
The phantom blinks!
An orc opens the door.
Unknown command.
The phantom blinks!
Braks's ghost (novice Halfling Fighter) comes into view.
It is wielding a weapon of venom.
Braks's ghost turns its malevolent gaze towards you.
You hear a shout! x2
There is an open door here.
Okay, then.
Are you sure you want to abandon this character and quit the game? (Confirm with "yes".)

#........# #.
#........#
#.######........###
#####.#................
#.....#................
#.....#............§...
+.....#................
#.....#................
#.....@................
###'###................
..######'##'#.... ...'
o...#.... ....#.
.....#..†.
....#W........#§...
....# ........#.... .#
........#....
.##....#....


You could see braks's ghost.

Vanquished Creatures
  A centaur (D:5)
  A scorpion (D:5)
  An orc wizard (D:4)
  3 gnolls (D:5)
  2 shadow imps
  An ooze (D:3)
  An adder skeleton (D:4)
  2 dart slugs
  2 leopard geckos
  3 orcs
  A ball python (D:5)
  3 giant cockroaches
  3 goblins
  2 hobgoblins
  A quokka (D:5)
  2 bats
  A frilled lizard (D:3)
  2 kobolds
  3 rats
35 creatures vanquished.

Vanquished Creatures (collateral kills)
  An adder (D:3)
1 creature vanquished.

Grand Total: 36 creatures vanquished

Notes
Turn   | Place    | Note
-------+----------+-------------------------------------------
     0 | D:1      | tidbits the Gnoll Transmuter began the quest for the Orb.
     0 | D:1      | Reached XP level 1. HP: 17/17 MP: 6/6
   115 | D:2      | Reached XP level 2. HP: 6/23 MP: 4/7
   119 | D:2      | Learned a level 2 spell: Sticks to Snakes
   458 | D:3      | Reached skill level 5 in Spellcasting
   458 | D:3      | Reached XP level 3. HP: 22/28 MP: 5/9
   463 | D:3      | Learned a level 3 spell: Spider Form
   569 | D:3      | Reached skill level 1 in Invocations
   676 | D:4      | Reached skill level 1 in Short Blades
   676 | D:4      | Reached skill level 1 in Long Blades
   676 | D:4      | Reached skill level 1 in Axes
   676 | D:4      | Reached skill level 1 in Maces & Flails
   676 | D:4      | Reached skill level 1 in Polearms
   676 | D:4      | Reached skill level 1 in Staves
   676 | D:4      | Reached skill level 1 in Slings
   676 | D:4      | Reached skill level 1 in Bows
   676 | D:4      | Reached skill level 1 in Crossbows
   676 | D:4      | Reached skill level 1 in Throwing
   676 | D:4      | Reached skill level 1 in Armour
   676 | D:4      | Reached skill level 1 in Stealth
   676 | D:4      | Reached skill level 1 in Shields
   676 | D:4      | Reached skill level 1 in Evocations
   680 | D:4      | Reached XP level 4. HP: 34/34 MP: 2/11
   717 | D:5      | Entered Level 5 of the Dungeon
   754 | D:5      | Noticed a centaur
   761 | D:5      | Killed a centaur
   761 | D:5      | Reached skill level 3 in Fighting
   761 | D:5      | Reached skill level 1 in Conjurations
   761 | D:5      | Reached skill level 1 in Hexes
   761 | D:5      | Reached skill level 1 in Charms
   761 | D:5      | Reached skill level 1 in Summonings
   761 | D:5      | Reached skill level 1 in Necromancy
   761 | D:5      | Reached skill level 1 in Translocations
   761 | D:5      | Reached skill level 1 in Fire Magic
   761 | D:5      | Reached skill level 1 in Ice Magic
   761 | D:5      | Reached skill level 1 in Air Magic
   761 | D:5      | Reached skill level 1 in Earth Magic
   761 | D:5      | Reached skill level 1 in Poison Magic
   761 | D:5      | Reached XP level 5. HP: 30/41 MP: 8/12
   765 | D:5      | Reached skill level 4 in Transmutations
   799 | D:5      | Reached XP level 6. HP: 31/47 MP: 8/13
   800 | D:5      | Reached skill level 2 in Invocations
   824 | D:5      | Found a shadowy altar of Dithmenos.
   824 | D:5      | Noticed a phantom
   835 | D:5      | HP: 3/47 [phantom (5)]
   892 | D:5      | Noticed braks's ghost (novice HaFi)
   893 | D:5      | Quit the game

Vault maps used:
D:1:      dpeg_arrival_prison, minmay_misc_feat_ornament
D:2:      lemuel_zombie_altar_kikubaaqudgha
D:3:      kennysheep_six_static_rooms, nicolae_overflow_crystal_walls,
          first_ration
D:4:      kennysheep_generic_room_6
D:5:      grunt_dithmenos_shadows, grunt_gozag_breadcrumbs,
          nemelex_xobeh_ov_fountains_minmay, okawaru_altar_gauntlet_db,
          temple_hall

Skill      XL: |  1  2  3  4  5  6 |
---------------+-------------------+-----
Spellcasting   | 5 |  5.3
Invocations    | 1 2 |  2.0
Short Blades   | 1 |  1.8
Long Blades    | 1 |  1.8
Axes           | 1 |  1.8
Maces & Flails | 1 |  1.8
Polearms       | 1 |  1.8
Staves         | 1 |  1.8
Slings         | 1 |  1.8
Bows           | 1 |  1.8
Crossbows      | 1 |  1.8
Throwing       | 1 |  1.8
Armour         | 1 |  1.8
Stealth        | 1 |  1.8
Shields        | 1 |  1.8
Evocations     | 1 |  1.8
Fighting       | 3 |  3.1
Conjurations   | 1 |  1.4
Hexes          | 1 |  1.4
Charms         | 1 |  1.4
Summonings     | 1 |  1.4
Necromancy     | 1 |  1.4
Translocations | 1 |  1.4
Fire Magic     | 1 |  1.4
Ice Magic      | 1 |  1.4
Air Magic      | 1 |  1.4
Earth Magic    | 1 |  1.4
Poison Magic   | 1 |  1.4
Transmutations | 4 |  4.0
Dodging        | |  4.9
Unarmed Combat | |  6.8

Action                   |  1- 3 |  4- 6 || total
-------------------------+-------+-------++-------
Melee: Unarmed           |    57 |    38 ||    95
       Kick              |     3 |       ||     3
       Headbutt          |     5 |       ||     5
       Bite              |     4 |       ||     4
       Punch             |     1 |       ||     1
       Dagger            |       |     6 ||     6
 Cast: Beastly Appendage |     9 |       ||     9
       Sticks to Snakes  |     2 |     1 ||     3
       Spider Form       |     5 |     4 ||     9
  Use: Scroll            |     4 |     2 ||     6
       Potion            |       |     2 ||     2
 Stab: Sleeping          |     3 |     1 ||     4
Armor: Robe              |     6 |     1 ||     7
       Skin              |       |     2 ||     2
Dodge: Dodged            |    32 |    29 ||    61

Table legend:
 A = Spawn XP
 B = Non-spawn XP
 C = Spawn XP percentage of total XP
 D = Spawn monster count
 E = Non-spawn monster count
 F = Spawn count percentage of total count
 G = Total turns spent on level
                    A         B        C        D         E        F      G
               +---------+---------+-------+---------+---------+-------+---------
         Total |       0 |     356 |   0.0 |       0 |      36 |   0.0 |   893
               +---------+---------+-------+---------+---------+-------+---------
           D:1 |       0 |       8 |   0.0 |       0 |       3 |   0.0 |   100
           D:2 |       0 |      22 |   0.0 |       0 |       8 |   0.0 |   341
           D:3 |       0 |      40 |   0.0 |       0 |      13 |   0.0 |   222
           D:4 |       0 |      51 |   0.0 |       0 |       4 |   0.0 |    54
           D:5 |       0 |     235 |   0.0 |       0 |       8 |   0.0 |   176
               +---------+---------+-------+---------+---------+-------+---------

Table legend:
 A = Turns spent in this place as a percentage of turns spent in the entire game.
 B = Non-inter-level travel turns spent in this place as a percentage of non-inter-level travel turns spent in the entire game.
 C = Inter-level travel turns spent in this place as a percentage of turns spent in this place.
 D = Turns resting spent in this place as a percentage of non-inter-level travel turns spent in this place.
 E = Turns spent auto-exploring this place as a percentage of non-inter-level travel turns spent in this place.
 F = Non-inter-level travel turns spent in this place divided by the number of levels of this place that you've seen.
                   A       B       C       D       E      F
               +-------+-------+-------+-------+-------+----------------------
         Total | 100.0 | 100.0 |   0.0 |   0.0 |   0.0 | 178.6
       Dungeon | 100.0 | 100.0 |   0.0 |   0.0 |   0.0 | 178.6
               +-------+-------+-------+-------+-------+----------------------

Table legend:
 A = Kills in this place as a percentage of kills in entire the game.
 B = Kills by you in this place as a percentage of kills by you in the entire game.
 C = Kills by friends in this place as a percentage of kills by friends in the entire game.
 D = Other kills in this place as a percentage of other kills in the entire game.
 E = Experience gained in this place as a percentage of experience gained in the entire game.
 F = Experience gained in this place divided by the number of levels of this place that you have seen.
                   A       B       C       D       E      F
               +-------+-------+-------+-------+-------+----------------------
         Total | 100.0 | 100.0 | 100.0 |   N/A | 100.0 |  71.2
       Dungeon | 100.0 | 100.0 | 100.0 |   N/A | 100.0 |  71.2
               +-------+-------+-------+-------+-------+----------------------

Vault maps used:
D:1:      dpeg_arrival_prison, minmay_misc_feat_ornament
D:2:      lemuel_zombie_altar_kikubaaqudgha
D:3:      kennysheep_six_static_rooms, nicolae_overflow_crystal_walls,
          first_ration
D:4:      kennysheep_generic_room_6
D:5:      grunt_dithmenos_shadows, grunt_gozag_breadcrumbs,
          nemelex_xobeh_ov_fountains_minmay, okawaru_altar_gauntlet_db,
          temple_hall
